 Dungeon Crawl Stone Soup version 0.31-a0-931-g7b59d4eb97 (webtiles) character file.

Game seed: 853937872637452727

126 BinkBink the Slasher (level 5, 0/32 HPs)
             Began as a Tengu Monk on Oct 19, 2023.
             Slain by a scorpion (4 damage)
             ... on level 3 of the Dungeon.
             The game lasted 00:02:31 (1473 turns).

BinkBink the Slasher (Tengu Monk)                   Turns: 1473, Time: 00:02:32

Health: 0/32       AC:  2    Str:  8    XL:     5   Next: 9%
Magic:  6/6        EV: 19    Int: 15    God:
Gold:   94         SH:  0    Dex: 17    Spells: 4/4 levels left

rFire   . . .        a - +0 falchion
rCold   . . .        d - orb {light}
rNeg    . . .        b - +0 robe
rPois   .            (helmet restricted)
rElec   .            (no cloak)
rCorr   .            (no gloves)
SInv    .            (boots unavailable)
Will    .....        (no amulet)
Stlth   +            l - +5 ring of evasion
HPRegen 0.25/turn    (no ring)
MPRegen 0.10/turn

%: acrobat
@: lethally poisoned (0 -> -5), attractive, glowing
A: beak, talons 3, acrobatic, clever 1, weak 1
a: no special abilities


You were on level 3 of the Dungeon.
You visited 1 branch of the dungeon, and saw 3 of its levels.

You collected 94 gold pieces.

Inventory:

Hand Weapons
 a - a +0 falchion (weapon)
Armour
 b - a +0 robe (worn)
 d - an orb of light (worn)
Jewellery
 g - a ring of magical power
 l - a +5 ring of evasion (left hand)
Scrolls
 e - a scroll of enchant weapon {unknown}
 f - 4 scrolls of identify {unknown}
 i - a scroll of enchant armour {unknown}
 k - a scroll of teleportation {unknown}
 m - a scroll of amnesia {unknown}
 p - a scroll of fear {unknown}
 r - 2 scrolls of blinking {unknown}
Potions
 c - a potion of ambrosia
 n - a potion of mutation


   Skills:
 + Level 3.6 Fighting
 * Level 4.6 Long Blades
 + Level 4.0 Dodging
 + Level 2.0 Stealth


You had 4 spell levels left.
You didn't know any spells.
Your spell library contained the following spells:

 Spells                   Type           Power      Damage    Failure   Level
 Ensorcelled Hibernation  Hex/Ice        0%         N/A       38%         2
 Jinxbite                 Hex            0%         N/A       38%         2
 Anguish                  Hex/Necr       0%         N/A       95%         4


Dungeon Overview and Level Annotations

Branches:
Dungeon (3/15)

Altars:
Gozag

Annotations:
D:2 1 runed translucent door, Crazy Yiuf


Innate Abilities, Weirdness & Mutations

You have a beak for a mouth.
You have claws for feet.
You can magically evade attacks while moving or waiting.
Your mind is acute. (Int +4, Str/Dex -1)
You are weak. (Str -2)


Message History

The scorpion is severely wounded.
The scorpion stings you!
You are poisoned.
The scorpion poisons you! The scorpion stings you!
You are lethally poisoned!
The scorpion poisons you!
It was a potion of mutation.
You feel extremely strange.
You feel weaker.
You feel clever.
* * * LOW HITPOINT WARNING * * *
You feel very sick. The scorpion closely misses you.
It was a potion of haste.
You feel yourself speed up.
* * * LOW HITPOINT WARNING * * *
You feel very sick. The scorpion barely misses you.
It was a potion of cancellation.
Your magical effects are unravelling.
You feel magically purged.
You feel yourself slow down.
* * * LOW HITPOINT WARNING * * *
You feel sick. The scorpion barely misses you.
It was a potion of curing.
You feel better. The scorpion closely misses you.
You hit the scorpion. You claw the scorpion.
The scorpion is almost dead.
The scorpion stings you.
You are poisoned.
The scorpion poisons you!
You hit the scorpion but do no damage.
You claw the scorpion, but do no damage.
Your peck misses the scorpion.
The scorpion is almost dead.
* * * LOW HITPOINT WARNING * * *
You feel very sick. The scorpion closely misses you. The scorpion stings you.
* * * LOW HITPOINT WARNING * * *
It was a potion of attraction.
You feel attractive to monsters.
* * * LOW HITPOINT WARNING * * *
You feel sick. The scorpion stings you.
You die...

...##†########## #.# ...#...#
#.....# #.# ..# ...###.#
#.....# #.# ..# ...# #.#
#.....# #.# #.. ...# #.#
#.....# #.# ####.. ...#
#.###.....####.# ..#.# ...#
#...'........#.######.#.#
##.#######.....##.#..........#
##.............s@............#
.################.#######..#.#
.... ...# #....# .##.
###########.#######
###..[....... )..............
#.........# #####..)#####..
#.........# ##....)##
#........(# ##.......###
#.........# #..♣♣.♣♣...##


You could see a scorpion.

Vanquished Creatures
  6 adders
  3 dart slugs (D:2)
  8 ball pythons
  6 endoplasms
  A giant cockroach (D:2)
  2 hobgoblins
  5 jackals
  5 quokkas
  8 bats
  6 frilled lizards
  7 goblins
  5 kobolds
  3 rats
65 creatures vanquished.

Notes
Turn   | Place    | Note
-------+----------+-------------------------------------------
     0 | D:1      | BinkBink the Tengu Monk began the quest for the Orb.
     0 | D:1      | Reached XP level 1. HP: 14/14 MP: 2/2
   152 | D:1      | Reached XP level 2. HP: 19/19 MP: 3/3
   503 | D:2      | Reached skill level 1 in Stealth
   521 | D:2      | Reached XP level 3. HP: 17/23 MP: 4/4
   751 | D:2      | Reached XP level 4. HP: 28/28 MP: 5/5
  1136 | D:2      | Found a runed translucent door.
  1137 | D:2      | Noticed Crazy Yiuf
  1400 | D:3      | Reached XP level 5. HP: 32/32 MP: 6/6
  1429 | D:3      | Found an opulent altar of Gozag.
  1467 | D:3      | Gained mutation: You are weak. (Str -2) [potion of
                  | mutation]
  1467 | D:3      | Gained mutation: Your mind is acute. (Int +4, Str/Dex -1)
                  | [potion of mutation]
  1473 | D:3      | Slain by a scorpion

Illustrated notes

Levels and vault maps discovered:
D:1:      minmay_arrival_arboretum_small, layout_rooms,
          dreamdust_ecumenical_altar_statues, st_stairs_11
D:2:      layout_basic, chequers_avenue, chequers_arboretum,
          minmay_pentomino_r4, uniq_crazy_yiuf_cottage
D:3:      layout_basic, mainiacjoe_overflow_small_starburst,
          serial_bayou_pond_b, minmay_misc_feat_doors, minmay_quantized,
          uniq_robin, uniq_ijyb

Skill      XL: |  1  2  3  4  5 |
---------------+----------------+-----
Stealth        | 1 2 |  2.0
Long Blades    | 4 |  4.6
Dodging        | 4 |  4.0
Fighting       | |  3.6

Action                     |  1- 3 |  4- 6 || total
---------------------------+-------+-------++-------
  Melee: Falchion          |    69 |    48 ||   117
         Kick              |    15 |    20 ||    35
         Peck              |     2 |     7 ||     9
    Use: Potion            |       |     5 ||     5
   Stab: Sleeping          |     1 |       ||     1
 Armour: Robe              |    17 |    17 ||    34
  Dodge: Dodged            |    75 |    53 ||   128

Table legend: (Time is in decaauts)
 A = Elapsed time spent in this place.
 B = Non-inter-level travel time spent in this place.
 C = Inter-level travel time spent in this place.
 D = Time resting spent in this place.
 E = Time spent auto-exploring this place.
 F = Levels seen in this place.
 G = Mean time per level.
                   A        B        C        D        E       F      G
               +--------+--------+--------+--------+--------+-----+--------+
         Total |   1483 |   1448 |     35 |      0 |   1100 |   3 |  494.3 |
       Dungeon |   1483 |   1448 |     35 |      0 |   1100 |   3 |  494.3 |
               +--------+--------+--------+--------+--------+-----+--------+

Top non-repeatable levels by time:
     D:2: 831 daAuts
     D:1: 463 daAuts
     D:3: 188 daAuts
